 Dungeon Crawl Stone Soup version 0.20-a0-1127-g1289703 (webtiles) character file.

562 AlphabetPasta the Skirmisher (level 7, 0/88 HPs)
             Began as a Centaur Wanderer on May 17, 2017.
             Killed from afar by an orc wizard (7 damage)
             ... with a puff of flame
             ... on level 4 of the Dungeon.
             The game lasted 00:16:41 (4739 turns).

AlphabetPasta the Skirmisher (Centaur Wanderer)     Turns: 4739, Time: 00:16:41

Health: 0/88       AC: 23    Str: 15 (17) XL:     7   Next: 10%
Magic:  9/9        EV:  1    Int:  7 (10) God:
Gold:   156        SH:  0    Dex:  8 (9)  Spells: 8/8 levels left

rFire    . . .     SeeInvis .   b - +1 mace
rCold    . . .     Gourm    .   (no shield)
rNeg     + + +     Faith    .   (armour currently unavailable)
rPois    +         Spirit   .   (helmet currently unavailable)
rElec    .         Reflect  .   (cloak currently unavailable)
rCorr    .         Harm     .   (gloves currently unavailable)
MR       .....     NoTele   +   (no barding)
Stlth    +.........             (no amulet)
Regen    0.3/turn               (no ring)
MPRegen  0.2/turn               (no ring)

@: tree-form
A: no striking features
a: no special abilities


You were on level 4 of the Dungeon.
You were not hungry.
You were a tree.
You visited 1 branch of the dungeon, and saw 4 of its levels.

You collected 156 gold pieces.

Inventory:

Hand Weapons
 b - a +1 mace (weapon)
 q - a +0 hand axe
Missiles
 n - 48 arrows
Armour
 d - a +1 robe
 l - a +0 ring mail
 s - a cursed +0 chain mail (melded)
Jewellery
 i - a +6 ring of intelligence {unknown}
 o - an uncursed amulet of magic regeneration {unknown}
 w - an uncursed ring of protection from cold {unknown}
Wands
 a - a wand of confusion (5/48)
 e - a wand of disintegration (0/24)
Scrolls
 c - 3 scrolls of teleportation
 m - a scroll of magic mapping
Potions
 k - a potion of degeneration
 r - a potion of resistance {unknown}
 t - a potion of flight
 v - a potion of curing {unknown}
Comestibles
 f - 2 bread rations
 g - a meat ration
 j - 4 fruits


   Skills:
 + Level 4.0 Fighting
 * Level 1.2(2.0) Axes
 - Level 2.4(2.6) Maces & Flails
   Level 2.1 Crossbows
 + Level 2.6 Armour
 + Level 2.1 Dodging
   Level 1.0 Shields
 - Level 1.0 Spellcasting
   Level 1.0 Transmutations
   Level 1.0 Air Magic
 * Level 2.9 Evocations


You had 8 spell levels left.
You didn't know any spells.

Dungeon Overview and Level Annotations

Branches:
Dungeon (4/15)
 Temple: D:4-7

Altars:


Innate Abilities, Weirdness & Mutations

((You have hooves in place of feet.))
((Armour fits poorly on your strangely shaped body.))
((You cover ground very quickly.))
((You have extremely tough skin. (AC +3)))


Message History

The orc priest is severely wounded.
The orc wizard hits you but does no damage. x2
The orc priest hits you but does no damage.
You hit the orc priest.
You kill the orc priest!
The orc wizard hits you but does no damage.
The orc wizard casts a spell at you. The puff of flame hits you!
* * * LOW HITPOINT WARNING * * *
Okay, then.
You barely miss the orc wizard.
The orc wizard hits you but does no damage. x2
You closely miss the orc wizard.
The orc wizard hits you but does no damage. x2
You hit the orc wizard.
The orc wizard is lightly wounded.
The orc wizard hits you but does no damage.
The orc wizard gestures at you while chanting.
Helpless, you fail to dodge the puff of flame.
You die...

#...# #................>' #...#
#.................# #...#
#.................. #...#
#.................. #...#
#.................. #...#
#.................. #...#######
#.......#####......
#...##....#####)#####. #..(...
#....#....#...♣o....... ##+###.
#....#....#............ #.
#....'....'........##.. #.
#...##....#........###### #.
#...##....##+########...##+###.
#....#....##.......##...##...#.
#...##....##.................#.
#...##....##.......##...##...#>
#...'.....#........##...##...#.


You could see an orc wizard.

Vanquished Creatures
  Sigmund (D:4)
  The ghost of jblayyy the Skirmisher, an amateur HuWn (D:3)
  A water moccasin skeleton (D:3)
  An orc priest (D:4)
  2 orc wizards (D:3)
  2 worker ants (D:4)
  An adder (D:2)
  A worm (D:2)
  A dart slug (D:1)
  3 leopard geckos
  10 orcs
  2 ball pythons (D:3)
  3 giant cockroaches
  3 goblins (D:1)
  13 hobgoblins
  4 jackals (D:1)
  5 kobolds
  4 bats
  4 frilled lizards
  A leopard gecko skeleton (D:4)
  8 rats
71 creatures vanquished.

Notes
Turn   | Place    | Note
-------+----------+-------------------------------------------
     0 | D:1      | AlphabetPasta the Centaur Wanderer began the quest for the Orb.
     0 | D:1      | AlphabetPasta set off with: a wand of confusion (15/48), a +0 mace, a scroll of teleportation, a +0 robe, a bread ration
     0 | D:1      | Reached XP level 1. HP: 17/17 MP: 2/2
   579 | D:1      | Reached XP level 2. HP: 25/25 MP: 3/3
  1348 | D:2      | Reached XP level 3. HP: 29/30 MP: 4/4
  1956 | D:2      | Reached skill level 3 in Fighting
  1956 | D:2      | Reached skill level 1 in Dodging
  2170 | D:3      | Noticed jblayyy's ghost (amateur HuWn)
  2589 | D:3      | Reached XP level 4. HP: 38/38 MP: 5/5
  3294 | D:3      | Reached skill level 1 in Maces & Flails
  3294 | D:3      | Reached XP level 5. HP: 10/45 MP: 6/6
  3772 | D:3      | Killed jblayyy's ghost
  3772 | D:3      | Reached XP level 6. HP: 37/52 MP: 7/7
  4022 | D:3      | Upgraded the game from 0.20-a0-1126-g0f15420 to 0.20-a0-1127-g1289703
  4406 | D:4      | Noticed Sigmund
  4433 | D:4      | Killed Sigmund
  4433 | D:4      | Reached skill level 4 in Fighting
  4433 | D:4      | Reached skill level 1 in Axes
  4433 | D:4      | Reached XP level 7. HP: 18/59 MP: 8/8
  4739 | D:4      | Killed from afar by an orc wizard

Vault maps used:
D:1:      evilmike_arrival_plus, minmay_pentomino_r2
D:2:      first_bread, minmay_strange_pillars, minmay_cupped
D:4:      uniq_sigmund

Skill      XL: |  1  2  3  4  5  6 |
---------------+-------------------+-----
Fighting       | 3 4 |  4.0
Dodging        | 1 2 |  2.1
Armour         | 2 |  2.6
Maces & Flails | 1 2 |  2.4
Evocations     | 2 |  2.9
Axes           | 1 |  1.2
Crossbows      | |  2.1
Shields        | |  1.0
Spellcasting   | |  1.0
Transmutations | |  1.0
Air Magic      | |  1.0

Action                   |  1- 3 |  4- 6 |  7- 9 || total
-------------------------+-------+-------+-------++-------
Melee: Mace              |   163 |   105 |    27 ||   295
       Kick              |    24 |    27 |     3 ||    54
Evoke: Wand              |     3 |     7 |     4 ||    14
  Use: Scroll            |    11 |       |       ||    11
       Potion            |       |     2 |     4 ||     6
 Stab: Confused          |       |     1 |       ||     1
  Eat: Chunk             |     3 |     5 |       ||     8
       Fruit             |     1 |       |       ||     1
       Royal jelly       |       |       |     1 ||     1
Armor: Robe              |    35 |       |       ||    35
       Ring mail         |    25 |    33 |       ||    58
       Chain mail        |       |    11 |    17 ||    28
       Skin              |       |       |    11 ||    11
Dodge: Dodged            |    83 |    32 |     8 ||   123
